 Dungeon Crawl Stone Soup version 0.27.0-1-g7a089689b8 (webtiles) character file.

Game seed: 17054161109029235174

78 mdonais the Sneak (level 4, -4/38 HPs)
             Began as a Merfolk Delver on Aug 1, 2021.
             Slain by Grinder (7 damage)
             ... while paralysed by Grinder
             ... on level 3 of the Dungeon.
             The game lasted 00:16:46 (2482 turns).

mdonais the Sneak (Merfolk Delver)                  Turns: 2482, Time: 00:16:47

Health: -4/38      AC:  3    Str: 13    XL:     4   Next: 36%
Magic:  13/13      EV: -1    Int:  9    God:
Gold:   125        SH:  0    Dex: 15    Spells: 3/3 levels left

rFire    . . .     SeeInvis .   b - +1 dagger (elec)
rCold    . . .     Faith    .   (no shield)
rNeg     . . .     Spirit   .   r - +0 leather armour
rPois    .         Reflect  .   (no helmet)
rElec    .         Harm     .   (no cloak)
rCorr    .         Rampage  .   (no gloves)
Will     .....                  (no boots)
Stlth    +++.......             (no amulet)
HPRegen  0.12/turn              f - ring of magical power
MPRegen  0.13/turn              (no ring)

@: paralysed, constricted
A: (nimble swimmer 2), mertail
a: no special abilities


You were on level 3 of the Dungeon.
You visited 1 branch of the dungeon, and saw 5 of its levels.

You collected 125 gold pieces.

Inventory:

Hand Weapons
 a - a +0 trident
   (You found it on level 3 of the Dungeon)
 b - a +1 dagger of electrocution (weapon)
   (You took it off a goblin on level 1 of the Dungeon)
 o - a +0 short sword of venom
   (You took it off a kobold on level 1 of the Dungeon)
Missiles
 l - 103 stones
 m - 11 sling bullets
 p - 16 arrows
 t - 11 poisoned darts (quivered)
Armour
 r - a +0 leather armour (worn)
 u - a +0 ring mail
   (You found it on level 2 of the Dungeon)
Jewellery
 f - a ring of magical power (left hand)
   (You found it on level 1 of the Dungeon)
Wands
 D - a wand of digging (2)
Scrolls
 c - a scroll of fog
 d - a scroll of enchant weapon {unknown}
 e - a scroll of fear
 k - a scroll of blinking {unknown}
 n - a scroll of enchant armour {unknown}
 s - a scroll of vulnerability {unknown}
Potions
 g - a potion of berserk rage {unknown}
 h - 2 potions of curing {unknown}
 i - a potion of heal wounds {unknown}
 j - a potion of flight {unknown}
 q - a potion of lignification {unknown}
 H - a potion of haste


   Skills:
 + Level 4.3 Fighting
 - Level 4.4 Polearms
 + Level 3.7 Dodging
 - Level 5.4 Stealth


You had 3 spell levels left.
You didn't know any spells.
Your spell library was empty.

Dungeon Overview and Level Annotations

Branches:
Dungeon (5/15)
 Temple: D:4-7

Altars:
Yredelemnul

Annotations:
D:3 exclusion: adder, Grinder
D:5 Sigmund


Innate Abilities, Weirdness & Mutations

((You are quick and stealthy near water. (Stealth+, EV+, Speed+++)))
Your lower body shifts to a powerful aquatic tail in water.


Message History

HP restored.
t - 11 poisoned darts Health restored: 37
There are monsters nearby!
There are monsters nearby!
Okay, then.
Throw: 11 darts (poison)
Press: ? - help, Q - select action, (/) - cycle Shift-Dir - straight line, f - adder
Aim: an adder (asleep, 98% to hit)
You throw a poisoned dart. The poisoned dart hits the adder.
The adder is poisoned.
The adder hisses angrily.
Throw: 10 darts (poison)
Press: ? - help, Q - select action, (/) - cycle Shift-Dir - straight line, f/p - adder
Aim: an adder (moderately wounded, poisoned, 42% to hit)
You throw a poisoned dart. The poisoned dart hits the adder.
The adder looks even sicker.
The adder is moderately wounded.
Throw: 9 darts (poison)
Press: ? - help, Q - select action, (/) - cycle Shift-Dir - straight line, f/p - adder
Aim: an adder (moderately wounded, very poisoned, 42% to hit)
You throw a poisoned dart. The poisoned dart misses the adder.
You completely miss the adder.
The adder is moderately wounded.
The adder closely misses you.
You completely miss the adder.
The adder is heavily wounded.
The adder closely misses you. The adder bites you.
You take 1 damage, and have 36/37 hp.
You hit the adder.
The adder is almost dead.
The adder bites you.
You take 1 damage, and have 35/37 hp.
You hit the adder.
You kill the adder!
The bat misses you. The bat hits you but does no damage.
You hit the bat.
The bat is severely wounded.
The bat closely misses you. The bat closely misses you.
The bat hits you but does no damage.
You see here an adder corpse.
You hit the bat.
You kill the bat!
Found a dagger.
t - 9 poisoned darts (gained 1)
t - 10 poisoned darts (gained 1)
t - 11 poisoned darts (gained 1)
l - 72 stones (gained 23)
You see here a +0 dagger.
You see here a +0 club.
l - 89 stones (gained 17)
Found a short sword.
Health restored: 38 A rat comes into view.
The helpless rat fails to defend itself.
You puncture the rat!
You kill the rat!
No target in view!
A ball python comes into view.
A ball python is nearby!
You hit the ball python but do no damage.
The ball python closely misses you. The ball python misses you.
You hit the ball python.
The ball python is severely wounded.
The ball python barely misses you. The ball python grabs you.
The ball python constricts you.
You take 1 damage, and have 37/38 hp.
You hit the ball python.
You kill the ball python!
No target in view!
You see here a ball python corpse.
A goblin comes into view. It is wielding a +0 club.
Health restored: 38 A goblin is nearby!
The goblin shouts!
You barely miss the goblin. The goblin barely misses you.
You closely miss the goblin. The goblin barely misses you.
You hit the goblin. Lightning courses through the goblin!
You kill the goblin!
No target in view!
No target in view!
You see here a +0 club.
l - 103 stones (gained 14)
There is a stone staircase leading down here.
Key pressed, stopping explore.
You see here a +0 club.
There is a stone staircase leading up here.
A giant cockroach comes into view.
The helpless giant cockroach fails to defend itself.
You impale the giant cockroach!!
You kill the giant cockroach!
No target in view!
You see here a giant cockroach corpse.
Done exploring.
Done exploring.
Search for what [Enter for "."]? .
Search for what [Enter for "."]? armor You see here a +0 club.
You see here a +0 dagger.
You see here a +0 ring mail.
u - a +0 ring mail
(D) Dungeon
Where to? (Enter - D:2 @ (x,y), ? - help)
There is a stone staircase leading down here.
You climb downwards.
Level annotation: exclusion: adder, Grinder An orc comes into view.
It is wielding a +0 club.
A ball python comes into view.
An orc comes into view. It is wielding a +0 mace.
There is a stone staircase leading up here.
The orc shouts!
You hear a shout!
You hear an angry hiss.
You climb upwards.
There is a stone staircase leading down here.
You see here a +0 dagger.
There is a stone staircase leading down here.
You climb downwards.
Level annotation: exclusion: adder, Grinder 3 orcs come into view.
The orc shouts!
The ball python hisses angrily.
The orc shouts!
Found a dagger.
There is a stone staircase leading up here.
The orc hits you but does no damage. The orc barely misses you.
Grinder gestures at you.
You suddenly lose the ability to move!
The orc hits you with a +0 club. Grinder gestures at you.
You shrug off the repeated paralysis!
The orc barely misses you. The orc hits you with a +0 club.
The ball python bites you but does no damage.
The ball python grabs you.
You stop ascending the stairs.
The ball python constricts you. The orc hits you with a +0 club.
Grinder gestures at you. Pain shoots through your body!
The orc hits you with a +0 mace. The orc hits you but does no damage.
The orc hits you with a +0 club.
The ball python bites you but does no damage.
The ball python constricts you. The orc hits you with a +0 club.
The orc hits you with a +0 mace. The orc hits you with a +0 club.
The orc hits you with a +0 hand axe. The orc hits you with a +0 club.
The ball python bites you but does no damage.
The ball python constricts you. The orc hits you but does no damage.
The orc completely misses you. The ball python bites you.
The ball python constricts you. The adder bites you.
* * * LOW HITPOINT WARNING * * *
The orc hits you with a +0 club.
* * * LOW HITPOINT WARNING * * *
The orc hits you but does no damage. The orc hits you with a +0 club.
* * * LOW HITPOINT WARNING * * *
The orc hits you but does no damage. Grinder hits you!
You die...

#.
##...####....
..) ##..##
.##.. ...#
###<..# .# #.#
##..##....## .#
.# .....#.##.##
##
.....).....#...
..........>....
......ooo......
......5@o......
......SoS......
####...........
#...........
##..........
##.....#...
##########


You could see Grinder, an adder, 5 orcs and a ball python.

Vanquished Creatures
  2 adders (D:2)
  A dart slug (D:1)
  An orc (D:3)
  3 endoplasms
  3 giant cockroaches
  4 hobgoblins
  4 jackals (D:1)
  5 kobolds
  A quokka (D:1)
  6 ball pythons
  5 bats
  3 frilled lizards (D:1)
  9 goblins
  5 rats
52 creatures vanquished.

Notes
Turn   | Place    | Note
-------+----------+-------------------------------------------
     0 | D:5      | mdonais the Merfolk Delver began the quest for the Orb.
     0 | D:5      | Reached XP level 1. HP: 18/18 MP: 1/1
    26 | D:5      | Noticed Sigmund
    26 | D:5      | Noticed an ice beast
   346 | D:3      | Found a faded altar of an unknown god.
   472 | D:3      | Reached XP level 2. HP: 20/24 MP: 2/2
   607 | D:3      | Noticed Grinder
   609 | D:3      | Paralysed by Grinder for 2 turns
   683 | D:2      | Found a basalt altar of Yredelemnul.
   704 | D:2      | Reached XP level 3. HP: 12/30 MP: 3/3
  1658 | D:1      | Reached XP level 4. HP: 34/37 MP: 4/4
  2477 | D:3      | Paralysed by Grinder for 6 turns
  2482 | D:3      | Slain by Grinder

Illustrated notes

Levels and vault maps discovered:
D:1:      shiori_arrival_oz, layout_basic
D:2:      layout_basic, basic_altar
D:3:      layout_rooms, mainiacjoe_overflow_paths,
          shapermc_ecumenical_altar_mp_vishouse, uniq_grinder
D:4:      layout_basic, lemuel_round_altar, nicolae_overflow_crystal_walls,
          hangedman_decor_points, uniq_natasha, uniq_duvessa
D:5:      layout_basic, trog_ov_bears_minmay, uniq_sigmund, uniq_pikel

Skill      XL: |  1  2  3 |
---------------+----------+-----
Dodging        | 3 |  3.7
Polearms       | 4 |  4.4
Fighting       | 4 |  4.3
Stealth        | |  5.4

Action                   |  1- 3 |  4- 6 || total
-------------------------+-------+-------++-------
Melee: Spear             |    22 |       ||    22
       Trident           |   108 |       ||   108
       Dagger            |     3 |    22 ||    25
Throw: Stone             |     1 |       ||     1
       Dart              |       |     3 ||     3
Evoke: Wand              |     1 |       ||     1
  Use: Scroll            |     1 |       ||     1
 Stab: Sleeping          |    12 |     5 ||    17
Armor: Leather armour    |    20 |    11 ||    31
Dodge: Dodged            |    75 |    15 ||    90
